Map: [ESL] Alcyone

Players

Krystianer

  • Race: Protoss Protoss
  • Spawn Location: 1:00

NightPhoenix - Winner!

  • Race: Protoss Protoss
  • Spawn Location: 7:00

Event: ESL SC2 Masters 2024 Spring (Regional)

VOD

Have the link to the VOD?

Description

Time

  • Played on: April 16, 2024, 12:06 p.m.
  • Length: 7:48

All games in this series

Show
View Real Time Build Order
Export as new Build Order

Krystianer Protoss 

Build Orders: Blink Stalkers 

Get SALT Encoding   

  12  0:00  Probe  
  13  0:12  Probe  
  14  0:17  Pylon  
  14  0:24  Probe (Chrono Boost)  
  16  0:37  Probe (Chrono Boost)  
  16  0:38  Gateway  
  16  0:42  Probe (Chrono Boost)  
  16  0:45  Assimilator  
  17  0:51  Probe  
  17  0:54  Assimilator  
  18  1:03  Probe (Chrono Boost)  
  19  1:08  Gateway  
  19  1:13  Probe (Chrono Boost)  
  19  1:18  Probe (Chrono Boost)  
  21  1:26  Cybernetics Core  
  21  1:30  Probe  
  22  1:34  Pylon  
  22  1:42  Probe  
  23  1:54  Probe  
  24  2:02  Warp Gate, Stalker x2  
  24  2:06  Probe  
  29  2:13  Pylon  
  29  2:18  Probe  
  30  2:32  Stalker x2  
  34  2:56  Nexus  
  34  3:01  Shield Battery  
  34  3:06  Shield Battery  
  34  3:08  Sentry  
  34  3:11  Sentry  
  38  3:19  Shield Battery  
  38  3:20  Pylon  
  38  3:24  Twilight Council  
  38  3:27  Probe  
  39  3:39  Probe  
  40  3:50  Stalker x2  
  40  3:51  Probe  
  45  3:55  Pylon  
  45  3:57  Blink (Chrono Boost)  
  45  4:03  Probe (Chrono Boost)  
  47  4:13  Probe (Chrono Boost)  
  47  4:15  Probe (Chrono Boost)  
  48  4:21  Probe (Chrono Boost)  
  48  4:22  Probe (Chrono Boost)  
  49  4:24  Stalker  
  49  4:26  Stalker  
  52  4:32  Probe (Chrono Boost)  
  52  4:36  Probe (Chrono Boost)  
  53  4:40  Probe (Chrono Boost)  
  53  4:41  Stalker  
  53  4:43  Probe (Chrono Boost)  
  57  4:46  Probe  
  57  4:47  Pylon  
  58  4:53  Robotics Facility  
  58  4:55  Probe  
  58  4:59  Probe  
  56  5:07  Probe  
  56  5:08  Stalker  
  56  5:10  Stalker  
  56  5:12  Probe  
  61  5:21  Probe  
  63  5:33  Stalker x2  
  66  5:41  Observer, Probe  
  66  5:42  Probe  
  68  5:45  Nexus  
  69  5:50  Pylon  
  69  5:53  Probe  
  70  6:01  Probe  
  69  6:06  Probe  
  69  6:07  Stalker x2  
  52  6:25  Probe x2  
  47  6:37  Probe (Chrono Boost)  
  46  6:41  Probe (Chrono Boost)  
  44  6:50  Probe (Chrono Boost)  
  44  6:54  Probe (Chrono Boost)  
  45  6:55  Probe (Chrono Boost)  
  46  7:02  Probe (Chrono Boost)  
  46  7:03  Stalker  
  50  7:10  Zealot, Probe (Chrono Boost)  
  50  7:11  Probe (Chrono Boost)  
  53  7:16  Probe (Chrono Boost)  
  53  7:20  Probe (Chrono Boost)  
  55  7:27  Probe (Chrono Boost)  
  51  7:31  Probe (Chrono Boost)  
  51  7:32  Probe (Chrono Boost)  
  44  7:41  Stalker x2  
Show
View Real Time Build Order
Export as new Build Order

NightPhoenix Protoss - Winner!

Build Orders: Oracle Opening, Zealot Archon 

Get SALT Encoding   

  12  0:00  Probe  
  13  0:12  Probe  
  14  0:17  Pylon  
  14  0:24  Probe (Chrono Boost)  
  15  0:36  Probe (Chrono Boost), Gateway  
  16  0:44  Probe (Chrono Boost)  
  16  0:45  Assimilator  
  17  0:51  Probe  
  17  0:54  Assimilator  
  18  1:03  Probe (Chrono Boost)  
  19  1:08  Gateway  
  19  1:13  Probe (Chrono Boost)  
  19  1:18  Probe (Chrono Boost)  
  20  1:23  Cybernetics Core  
  21  1:29  Probe  
  22  1:36  Pylon  
  22  1:41  Probe  
  23  2:00  Stargate  
  23  2:01  Adept x2  
  23  2:05  Probe  
  28  2:08  Warp Gate  
  28  2:14  Pylon  
  28  2:31  Adept  
  28  2:32  Adept  
  32  2:42  Oracle (Chrono Boost)  
  35  3:02  Nexus  
  35  3:09  Pylon  
  35  3:15  Oracle (Chrono Boost)  
  38  3:23  Probe  
  39  3:39  Twilight Council  
  39  3:44  Gateway  
  39  3:50  Probe  
  40  3:57  Gateway  
  40  4:03  Probe  
  41  4:15  Probe  
  42  4:17  Dark Shrine  
  42  4:19  Probe  
  43  4:27  Probe  
  44  4:31  Probe (Chrono Boost)  
  44  4:34  Assimilator  
  45  4:40  Probe (Chrono Boost)  
  45  4:43  Probe (Chrono Boost)  
  47  4:51  Probe x2 (Chrono Boost)  
  49  5:02  Probe  
  49  5:03  Probe  
  49  5:11  Pylon  
  47  5:18  Gateway  
  47  5:19  Probe x2, Gateway  
  49  5:29  Dark Templar x3  
  49  5:30  Dark Templar  
  49  5:34  Probe x2  
  59  5:36  Assimilator  
  59  5:37  Gateway  
  59  5:40  Blink (Chrono Boost)  
  59  5:42  Gateway  
  59  5:52  Probe  
  59  5:53  Probe  
  61  6:06  Stalker x3  
  61  6:11  Archon  
  61  6:15  Stalker  
  61  6:16  Stalker  
  58  6:24  Stalker  
  49  6:38  Stalker x2  
  46  6:44  Probe x2  
  46  6:56  Probe  
  46  6:59  Stalker  
  46  7:00  Probe  
  45  7:09  Stalker  
  47  7:16  Stalker  
  47  7:34  Stalker x2  
Tags
 
Add a new tag
Caveats
  • Supply blocks, unpowered buildings, or Contaminate may cause inaccurate times.
  • Supply counts are checked every 10 seconds.